 Dungeon Crawl Stone Soup version 0.18-a0-1109-gfc003ac (webtiles) character file.

32 4thArraOfDagon the Conjurer (level 3, -6/28 HPs)
             Began as a Minotaur Conjurer on Jan 16, 2016.
             Mangled by an orc
             ... wielding a +0 flail
              (12 damage)
             ... on level 5 of the Dungeon.
             The game lasted 00:02:31 (330 turns).

4thArraOfDagon the Conjurer (Minotaur Conjurer)      Turns: 330, Time: 00:02:32

Health: -6/28      AC:  2    Str: 13    XL:     3   Next: 8%
Magic:  4/4        EV: 12    Int: 12    God:
Gold:   38         SH:  0    Dex: 10    Spells: 1 memorised, 3 levels left

rFire  . . .     SeeInvis .     d - +0 hand axe
rCold  . . .     Gourm    .     a - +0 robe
rNeg   . . .     Faith    .     (no shield)
rPois  .         Spirit   .     (helmet restricted)
rElec  .         Dismiss  .     (no cloak)
rCorr  .         Reflect  .     (no gloves)
SustAt .         Harm     .     (no boots)
MR     .....                    (no amulet)
Stlth  +.........               (no ring)
                                (no ring)

@: not resistant to hostile enchantments, very unstealthy
A: retaliatory headbutt, horns 2
a: no special abilities


You were on level 5 of the Dungeon.
You were not hungry.

You visited 1 branch of the dungeon, and saw 5 of its levels.

You collected 38 gold pieces.

Inventory:

Hand Weapons
 d - a +0 hand axe (weapon)
Missiles
 h - 4 needles of slowing
 i - a throwing net (quivered)
Armour
 a - a +0 robe (worn)
Scrolls
 f - a scroll of identify
Books
 b - a book of Conjurations

   Spells                             Type                      Level
   a - Magic Dart                     Conjuration                  1
   b - Searing Ray                    Conjuration                  2
   c - Dazzling Spray                 Conjuration/Hexes            3
   d - Fulminant Prism                Conjuration/Hexes            4
   e - Iskenderun's Mystic Blast      Conjuration                  4
   f - Iskenderun's Battlesphere      Conjuration/Charms           5
Comestibles
 c - a bread ration
 g - a beef jerky


   Skills:
 + Level 1.2 Fighting
 * Level 2.7 Axes
 + Level 0.8 Armour
 - Level 2.1 Dodging
 - Level 1.5 Stealth
 - Level 1.3 Spellcasting
 - Level 2.9 Conjurations


You had 3 spell levels left.
You knew the following spells:

 Your Spells              Type           Power        Failure   Level  Hunger
a - Magic Dart            Conj           #...         12%         1    ##.....


Dungeon Overview and Level Annotations

Branches:
Dungeon (5/15)
 Temple: D:4-7

Altars:

Annotations:
D:4 Sigmund


Innate Abilities, Weirdness & Mutations

You reflexively headbutt those who attack you in melee.
You have a pair of horns on your head.


Message History

The orc closely misses you.
Unknown command.
Read which item? (? for menu, Esc to quit)
As you read the scroll labeled ZASAEP EDOSO, it crumbles to dust.
It is a scroll of identify.
You don't have any unidentified items.
The orc hits you but does no damage.
Unknown command.
You hit the orc but do no damage.
The orc is severely wounded.
The orc closely misses you.
Unknown command.
You hit the orc.
You kill the orc!
The orc completely misses you.
Unknown command.
You hit the orc.
The orc is moderately wounded.
The orc hits you with a flail!
You die...

####)##### ... #..#
#.# ##o## #.# #..#
#.# ##.## #.# #o..#
#.# #o#.# #.# #.#.#
#@# #...#
##.#o######...#####
#...o..oo...........
##########..#..####.
##...## #####


You could see an orc priest and an orc.

Vanquished Creatures
  A worm (D:3)
  A giant gecko (D:1)
  4 orcs (D:5)
  2 ball pythons (D:1)
  A giant cockroach (D:1)
  2 goblins (D:1)
  A hobgoblin (D:1)
  2 kobolds
  4 bats
  7 rats
25 creatures vanquished.

Notes
Turn   | Place    | Note
--------------------------------------------------------------
     0 | D:1      | 4thArraOfDagon the Minotaur Conjurer began the quest for the Orb.
     0 | D:1      | Reached XP level 1. HP: 14/14 MP: 1/1
    25 | D:1      | Reached skill level 1 in Axes
    81 | D:1      | Reached XP level 2. HP: 10/22 MP: 3/3
   130 | D:1      | HP: 1/22 [ball python (2)]
   140 | D:1      | Reached skill level 1 in Fighting
   262 | D:4      | Noticed Sigmund
   271 | D:5      | Entered Level 5 of the Dungeon
   306 | D:5      | Found Baewimew's Armour Boutique.
   317 | D:5      | Reached XP level 3. HP: 17/28 MP: 4/4
   330 | D:5      | Mangled by an orc

Vault maps used:
D:1:      dpeg_arrival_subterranean_lakeside_camping, minmay_misc_feat_ornament
D:2:      nicolae_overflow_hidden_temple
D:3:      old_standard_altar, kennysheep_small_spiral
D:4:      kennysheep_generic_room_9, uniq_sigmund
D:5:      kennysheep_big_flooded_room, nicolae_tso_carved_into_rock,
          serial_shops, nicolae_shop_stone, first_bread,
          cheibrodos_ashenzari_chains, uniq_crazy_yiuf_cottage

Action                   || total
-------------------------++-------
Melee: Hand axe          ||    57
  Use: Potion            ||     3
       Scroll            ||     2
 Stab: Sleeping          ||     2
